PIO (24 & UNDER)
JASPER COUGARS @ SALEM SLEDGEHAMMERS
05/06/2023
 
TOP OF THE 1ST
Jasper Cougars batting - Pitching for Salem Sledgehammers : LHP Don Sutherland
Pitching: LHP Don Sutherland
Batting: RHB Dan Hooper 0-0: Ball
1-0: Swinging Strike
1-1: Foul Ball, location: 2F
1-2: Strikes out looking
Batting: LHB Jon Scott 0-0: Ground out 3-1 (Groundball, 34)
Batting: RHB Earl Wiggins 0-0: Fly out, F8 (Flyball, 8RD)
Top of the 1st over - 0 run(s), 0 hit(s), 0 error(s), 0 left on base; Jasper 0 - Salem 0
BOTTOM OF THE 1ST
Salem Sledgehammers batting - Pitching for Jasper Cougars : LHP Millard Curtis
Pitching: LHP Millard Curtis
Batting: RHB William Richardson 0-0: Ball
1-0: Foul Ball, location: 2F
1-1: Called Strike
1-2: Ground out 6-3 (Groundball, 6)
Batting: SHB Júlio Salazar 0-0: Ball
1-0: Ball
2-0: Foul Ball, location: 2F
2-1: Ball
3-1: Base on Balls
Batting: SHB Lee Townsend 0-0: Ball
1-0: Called Strike
Júlio Salazar steals 2nd base
1-1: Ball
Throwing error on steal attempt, E2
Júlio Salazar scores
2-1: SINGLE (Line Drive, 78S)
Batting: RHB Earnest Finnegan 0-0: Ball
1-0: Swinging Strike
1-1: Ball
2-1: Foul Ball, location: 2F
2-2: Ball
3-2: Strikes out swinging
Lee Townsend steals 2nd base
Batter strikes out.
Batting: SHB Pepe Pińa 0-0: Foul Ball, location: 2F
0-1: Ball
1-1: Swinging Strike
1-2: Ball
2-2: Strikes out swinging
Bottom of the 1st over - 1 run(s), 1 hit(s), 1 error(s), 1 left on base; Jasper 0 - Salem 1
TOP OF THE 2ND
Jasper Cougars batting - Pitching for Salem Sledgehammers : LHP Don Sutherland
Batting: RHB Jesús Hernández 0-0: Fly out, F4 (Popup, 3F)
Batting: SHB Ron Edwards 0-0: Ball
1-0: Called Strike
1-1: Swinging Strike
1-2: Ball
2-2: Foul Ball, location: 2F
2-2: Strikes out swinging
Batting: RHB Dave Parker 0-0: Ball
1-0: Swinging Strike
1-1: Called Strike
1-2: Foul Ball, location: 2F
1-2: Ball
2-2: Strikes out swinging
Top of the 2nd over - 0 run(s), 0 hit(s), 0 error(s), 0 left on base; Jasper 0 - Salem 1
BOTTOM OF THE 2ND
Salem Sledgehammers batting - Pitching for Jasper Cougars : LHP Millard Curtis
Batting: RHB Norm Francis 0-0: Foul Ball, location: 2F
0-1: Swinging Strike
0-2: DOUBLE (Line Drive, 7LS)
Batting: LHB José Rivera 0-0: Called Strike
0-1: SINGLE (Flyball, 7S)
Norm Francis to third
Batting: RHB Fernando Pérez 0-0: Ball
1-0: Called Strike
1-1: SINGLE (Groundball, 4MD)
Norm Francis scores
José Rivera to second
Batting: RHB Ryan Cates 0-0: SINGLE (Groundball, 56)
José Rivera to third
Fernando Pérez to second
Throwing error, E7
José Rivera scores
Fernando Pérez to third
Ryan Cates to second
Batting: RHB William Richardson 0-0: Foul Ball, location: 2F
0-1: Ball
1-1: Fly out, F4 (Line Drive, 4)
Batting: SHB Júlio Salazar 0-0: Called Strike
0-1: Swinging Strike
0-2: Strikes out swinging
Batting: SHB Lee Townsend 0-0: Ball
1-0: Foul Ball, location: 2F
1-1: Ball
2-1: Foul Ball, location: 2F
2-2: Fly out, F7 (Flyball, 78S)
Bottom of the 2nd over - 2 run(s), 4 hit(s), 1 error(s), 2 left on base; Jasper 0 - Salem 3
TOP OF THE 3RD
Jasper Cougars batting - Pitching for Salem Sledgehammers : LHP Don Sutherland
Batting: LHB Pepe Vázquez 0-0: Ball
1-0: Ball
2-0: Called Strike
2-1: Ball
3-1: Base on Balls
Batting: RHB Juan Carlos 0-0: Swinging Strike
0-1: Ball
1-1: Foul Ball, location: 2F
1-2: Foul Ball, location: 2F
1-2: Strikes out swinging
Batting: RHB Greg King 0-0: Ball
1-0: Called Strike
1-1: Ball
2-1: Fly out, F9 (Flyball, 89M)
Batting: RHB Dan Hooper 0-0: Ball
Wild Pitch!
Pepe Vázquez to second
1-0: Ground out 5-3 (Groundball, 5)
Top of the 3rd over - 0 run(s), 0 hit(s), 0 error(s), 1 left on base; Jasper 0 - Salem 3
BOTTOM OF THE 3RD
Salem Sledgehammers batting - Pitching for Jasper Cougars : LHP Millard Curtis
Batting: RHB Earnest Finnegan 0-0: Ball
1-0: Called Strike
1-1: Ball
2-1: Foul Ball, location: 2F
2-2: SOLO HOME RUN (Flyball, 78XD), Distance : 415 ft
Batting: SHB Pepe Pińa 0-0: Swinging Strike
0-1: Swinging Strike
0-2: Strikes out looking
Batting: RHB Norm Francis 0-0: Ball
1-0: Swinging Strike
1-1: Ball
2-1: Ball
3-1: Base on Balls
Batting: LHB José Rivera 0-0: Ball
1-0: Called Strike
Norm Francis is caught stealing 2nd base
1-1: Swinging Strike
1-2: Ball
2-2: Strikes out looking
Bottom of the 3rd over - 1 run(s), 1 hit(s), 0 error(s), 0 left on base; Jasper 0 - Salem 4
TOP OF THE 4TH
Jasper Cougars batting - Pitching for Salem Sledgehammers : LHP Don Sutherland
Batting: LHB Jon Scott 0-0: Called Strike
0-1: Bunt for hit - play at first, batter safe!
Batting: RHB Earl Wiggins 0-0: Ball
Wild Pitch!
Jon Scott to second
1-0: Swinging Strike
1-1: Called Strike
1-2: Strikes out swinging
Batting: RHB Jesús Hernández 0-0: Ball
1-0: Ball
2-0: Ball
3-0: Called Strike
3-1: Ground out 6-3 (Groundball, 6)
Jon Scott to third
Batting: SHB Ron Edwards 0-0: Ball
1-0: Ball
2-0: Ball
3-0: Foul Ball, location: 2F
3-1: Base on Balls
Batting: RHB Dave Parker 0-0: Fly out, F7 (Line Drive, 7M)
Top of the 4th over - 0 run(s), 1 hit(s), 0 error(s), 2 left on base; Jasper 0 - Salem 4
BOTTOM OF THE 4TH
Salem Sledgehammers batting - Pitching for Jasper Cougars : LHP Millard Curtis
Batting: RHB Fernando Pérez 0-0: Foul Ball, location: 2F
0-1: Called Strike
0-2: Ball
1-2: Ball
2-2: Strikes out swinging
Batting: RHB Ryan Cates 0-0: Ball
1-0: Called Strike
1-1: Ball
2-1: Called Strike
2-2: Ball
3-2: Base on Balls
Batting: RHB William Richardson 0-0: Ball
1-0: Fielders Choice at 2nd, 4-6 (Groundball, 4M)
Batting: SHB Júlio Salazar 0-0: Called Strike
0-1: Ball
1-1: Ball
2-1: Called Strike
William Richardson is caught stealing 2nd base
Bottom of the 4th over - 0 run(s), 0 hit(s), 0 error(s), 0 left on base; Jasper 0 - Salem 4
TOP OF THE 5TH
Jasper Cougars batting - Pitching for Salem Sledgehammers : LHP Don Sutherland
Batting: LHB Pepe Vázquez 0-0: Swinging Strike
0-1: Ground out 4-3 (Groundball, 4)
Batting: RHB Juan Carlos 0-0: Ball
1-0: Swinging Strike
1-1: Ball
2-1: Ground out 6-3 (Groundball, 6)
Batting: RHB Greg King 0-0: Called Strike
0-1: Foul Ball, location: 2F
0-2: Ball
1-2: Strikes out swinging
Top of the 5th over - 0 run(s), 0 hit(s), 0 error(s), 0 left on base; Jasper 0 - Salem 4
BOTTOM OF THE 5TH
Salem Sledgehammers batting - Pitching for Jasper Cougars : LHP Millard Curtis
Batting: SHB Júlio Salazar 0-0: Ball
1-0: Called Strike
1-1: Foul Ball, location: 2F
1-2: Strikes out looking
Batting: SHB Lee Townsend 0-0: Foul Ball, location: 2F
0-1: Ball
1-1: Foul Ball, location: 2F
1-2: Ball
2-2: Strikes out swinging
Batting: RHB Earnest Finnegan 0-0: SINGLE (Groundball, 4M)
Pitching: RHP Steve Snyder
Batting: SHB Pepe Pińa 0-0: Ball
1-0: SINGLE (Flyball, 78S)
Earnest Finnegan to second
Batting: RHB Norm Francis 0-0: Called Strike
0-1: Called Strike
0-2: Strikes out swinging
Bottom of the 5th over - 0 run(s), 2 hit(s), 0 error(s), 2 left on base; Jasper 0 - Salem 4
TOP OF THE 6TH
Jasper Cougars batting - Pitching for Salem Sledgehammers : LHP Don Sutherland
Batting: RHB Dan Hooper 0-0: Ground out 4-3 (Groundball, 4M)
Batting: LHB Jon Scott 0-0: Ball
1-0: Swinging Strike
1-1: Called Strike
1-2: Strikes out swinging
Batting: RHB Earl Wiggins 0-0: Called Strike
0-1: Called Strike
0-2: Ball
1-2: Strikes out swinging
Top of the 6th over - 0 run(s), 0 hit(s), 0 error(s), 0 left on base; Jasper 0 - Salem 4
BOTTOM OF THE 6TH
Salem Sledgehammers batting - Pitching for Jasper Cougars : RHP Steve Snyder
Batting: LHB José Rivera 0-0: Ball
1-0: Called Strike
1-1: Called Strike
1-2: Foul Ball, location: 2F
1-2: Foul Ball, location: 2F
1-2: Strikes out swinging
Batting: RHB Fernando Pérez 0-0: Ball
1-0: Ground out 5-3 (Groundball, 56)
Batting: RHB Ryan Cates 0-0: Ball
1-0: Ball
2-0: Swinging Strike
2-1: Ground out 5-3 (Groundball, 56)
Bottom of the 6th over - 0 run(s), 0 hit(s), 0 error(s), 0 left on base; Jasper 0 - Salem 4
TOP OF THE 7TH
Jasper Cougars batting - Pitching for Salem Sledgehammers : LHP Don Sutherland
Batting: RHB Jesús Hernández 0-0: Ball
1-0: Ball
2-0: Ball
3-0: Base on Balls
Batting: SHB Ron Edwards 0-0: Ball
1-0: Swinging Strike
1-1: Fly out, F7 (Flyball, 78M)
Batting: RHB Dave Parker 0-0: Ball
1-0: Fly out, F9 (Flyball, 89S)
Batting: LHB Pepe Vázquez 0-0: Called Strike
0-1: Fly out, F3 (Popup, 3F)
Top of the 7th over - 0 run(s), 0 hit(s), 0 error(s), 1 left on base; Jasper 0 - Salem 4
BOTTOM OF THE 7TH
Salem Sledgehammers batting - Pitching for Jasper Cougars : RHP Steve Snyder
Batting: RHB William Richardson 0-0: Ball
1-0: Called Strike
1-1: Swinging Strike
1-2: Ball
2-2: Strikes out looking
Batting: SHB Júlio Salazar 0-0: Ball
1-0: Ground out 5-3 (Groundball, 56)
Batting: SHB Lee Townsend 0-0: Ball
1-0: Ball
2-0: Foul Ball, location: 2F
2-1: Ball
3-1: Base on Balls
Batting: RHB Earnest Finnegan 0-0: Called Strike
0-1: Ball
1-1: Ball
2-1: Ball
3-1: Base on Balls
Lee Townsend to second
Batting: SHB Pepe Pińa 0-0: Called Strike
0-1: Foul Ball, location: 2F
0-2: Ball
1-2: Foul Ball, location: 2F
1-2: Ball
2-2: Foul Ball, location: 2F
2-2: Foul Ball, location: 2F
2-2: Foul Ball, location: 2F
2-2: Ball
3-2: Base on Balls
Lee Townsend to third
Earnest Finnegan to second
Batting: RHB Norm Francis 0-0: Ball
1-0: Ball
2-0: Foul Ball, location: 2F
2-1: Ball
3-1: Base on Balls
Lee Townsend scores
Earnest Finnegan to third
Pepe Pińa to second
Batting: LHB José Rivera 0-0: Foul Ball, location: 2F
0-1: Ball
Error on foul ball, E7
1-2: Ball
2-2: Ball
3-2: DOUBLE (Flyball, 8RXD)
Earnest Finnegan scores
Pepe Pińa scores
Norm Francis to third
Norm Francis scores
Pitching: RHP Pancho Hernández
Batting: RHB Fernando Pérez 0-0: Ball
1-0: Foul Ball, location: 2F
1-1: Swinging Strike
1-2: Strikes out swinging
Bottom of the 7th over - 4 run(s), 1 hit(s), 1 error(s), 1 left on base; Jasper 0 - Salem 8
TOP OF THE 8TH
Jasper Cougars batting - Pitching for Salem Sledgehammers : LHP Don Sutherland
Now at 1B: Dale Reeves
Batting: RHB Juan Carlos 0-0: Swinging Strike
0-1: Called Strike
0-2: Strikes out swinging
Pitching: RHP Carlos Morán
Batting: RHB Greg King 0-0: Called Strike
0-1: Ball
1-1: Ball
2-1: Ball
3-1: SINGLE (Groundball, 6MD) (infield hit)
Batting: RHB Dan Hooper 0-0: Ball
1-0: Foul Ball, location: 2F
1-1: Foul Ball, location: 2F
1-2: Ball
2-2: Strikes out swinging
Batting: LHB Jon Scott 0-0: Ball
1-0: SINGLE (Flyball, 78M)
Greg King to second
Batting: RHB Earl Wiggins 0-0: Swinging Strike
0-1: Foul Ball, location: 2F
0-2: Strikes out swinging
Top of the 8th over - 0 run(s), 2 hit(s), 0 error(s), 2 left on base; Jasper 0 - Salem 8
BOTTOM OF THE 8TH
Salem Sledgehammers batting - Pitching for Jasper Cougars : RHP Pancho Hernández
Batting: RHB Ryan Cates 0-0: Foul Ball, location: 2F
0-1: Ball
1-1: Foul Ball, location: 2F
1-2: Ball
2-2: Ball
3-2: Strikes out swinging
Batting: RHB William Richardson 0-0: Ball
1-0: Ball
2-0: Ball
3-0: Called Strike
3-1: Called Strike
3-2: Base on Balls
Batting: SHB Júlio Salazar 0-0: Called Strike
William Richardson is caught stealing 2nd base
0-1: SINGLE (Groundball, 15) (infield hit)
Batting: SHB Lee Townsend 0-0: Called Strike
Júlio Salazar steals 2nd base
0-1: Called Strike
0-2: Strikes out swinging
Bottom of the 8th over - 0 run(s), 1 hit(s), 0 error(s), 1 left on base; Jasper 0 - Salem 8
TOP OF THE 9TH
Jasper Cougars batting - Pitching for Salem Sledgehammers : RHP Carlos Morán
Batting: RHB Jesús Hernández 0-0: SINGLE (Line Drive, 9LS)
Batting: SHB Ron Edwards 0-0: Fly out, F7 (Flyball, 78XD)
Batting: RHB Dave Parker 0-0: Foul Ball, location: 2F
0-1: Foul Ball, location: 2F
0-2: Ball
1-2: Foul Ball, location: 2F
1-2: Ball
2-2: Ball
3-2: Strikes out swinging
Batting: LHB Pepe Vázquez 0-0: Ball
1-0: Swinging Strike
1-1: Foul Ball, location: 2F
1-2: Strikes out looking
Top of the 9th over - 0 run(s), 1 hit(s), 0 error(s), 1 left on base; Jasper 0 - Salem 8
This league is powered by Out of the Park Baseball, the baseball management simulation game for PC, Mac and Linux
Wednesday, December 2nd, 2015 - OOTP Baseball 16.8 Build 38